Map: Blackpink LE

Players

Gurrheden - Winner!

  • Race: Zerg Zerg
  • League: Platinum
  • Spawn Location: 7:00

ILIEKEGGPIE

  • Race: Protoss Protoss
  • League: Platinum
  • Spawn Location: 1:00

VOD

Have the link to the VOD?

Description

Time

  • Played on: April 24, 2018, 4:12 p.m.
  • Length: 32:38
Show
View Real Time Build Order
Export as new Build Order

Gurrheden Zerg - Winner!

Build Orders: Pool First, Lurkers 

Get SALT Encoding   

  12  0:01  Drone  
  13  0:08  Drone  
  14  0:17  Overlord  
  14  0:36  Drone  
  14  0:37  Drone x2  
  17  0:52  Spawning Pool  
  17  0:54  Drone  
  17  0:59  Drone  
  18  1:12  Extractor  
  17  1:28  Hatchery  
  17  1:32  Drone  
  17  1:33  Drone x2  
  19  1:40  Queen  
  21  1:51  Zergling x2  
  22  2:03  Overlord  
  22  2:08  Roach Warren  
  21  2:21  Queen  
  23  2:23  Overlord  
  23  2:38  Hatchery  
  23  2:42  Drone  
  23  2:47  Drone x3  
  26  3:04  Queen  
  28  3:06  Drone x2  
  28  3:11  Roach  
  32  3:15  Drone x2  
  32  3:19  Drone  
  35  3:42  Spore Crawler, Drone x2  
  35  3:45  Roach x2  
  40  3:50  Drone x5  
  40  3:52  Drone  
  40  3:54  Overlord  
  45  4:07  Queen  
  45  4:09  Queen  
  49  4:11  Overlord  
  49  4:26  Drone x4  
  49  4:27  Drone  
  54  4:32  Overlord  
  54  4:33  Drone x2  
  55  4:42  Queen  
  57  4:50  Extractor  
  57  4:52  Extractor  
  55  4:53  Drone, Queen  
  55  4:56  Drone x4  
  55  4:57  Drone  
  63  5:00  Lair  
  63  5:02  Roach x2  
  63  5:03  Roach  
  63  5:05  Spore Crawler  
  68  5:07  Spore Crawler  
  68  5:13  Roach x2  
  68  5:14  Roach  
  73  5:31  Overlord x3  
  73  5:37  Extractor  
  73  5:41  Ravager  
  73  5:46  Overlord x2  
  73  5:48  Queen  
  75  5:50  Drone x3  
  75  5:53  Drone x2  
  80  6:06  Drone x3  
  83  6:15  Hydralisk Den  
  82  6:22  Overseer  
  82  6:23  Overseer  
  82  6:39  Drone x3  
  86  6:40  Drone x3  
  86  6:41  Overlord x3  
  86  6:42  Overlord  
  86  6:46  Hydralisk x3  
  94  6:50  Drone x2  
  94  6:51  Drone x5  
  94  6:52  Hydralisk Den  
  94  6:53  Roach x2  
  104  6:57  Evolution Chamber  
  104  6:59  Evolution Chamber  
  104  7:00  Drone  
  103  7:03  Extractor  
  103  7:04  Extractor  
  101  7:16  Hatchery  
  101  7:19  Hydralisk x4  
  101  7:22  Grooved Spines  
  108  7:23  Zerg Missile Weapons Level 1  
  106  7:51  Drone  
  106  7:52  Drone x2  
  106  7:53  Drone x3  
  112  8:02  Queen  
  114  8:12  Drone  
  113  8:28  Hydralisk x7  
  113  8:29  Hydralisk x4  
  113  8:34  Zerg Ground Armor Level 1, Muscular Augments  
  135  8:50  Lurker Den  
  135  8:52  Overseer  
  134  8:56  Overlord  
  134  8:57  Overlord x2  
  132  9:08  Spore Crawler  
  131  9:20  Spore Crawler, Hydralisk x3  
  131  9:21  Hydralisk x7  
  131  9:22  Hydralisk x6  
  162  9:57  Nydus Network  
  162  9:59  Overlord x4  
  161  10:00  Overlord  
  161  10:02  Zerg Missile Weapons Level 2  
  161  10:04  Queen  
  161  10:05  Drone x3  
  166  10:19  Hydralisk x5  
  166  10:20  Hydralisk  
  178  10:36  Overseer  
  178  10:45  Infestation Pit  
  178  10:48  Spore Crawler  
  178  10:49  Drone x2  
  179  10:50  Drone  
  179  10:51  Spore Crawler  
  178  11:19  Hatchery  
  178  11:22  Lurker x4  
  178  11:23  Lurker x4  
  178  11:25  Lurker x3  
  187  11:26  Lurker  
  187  11:30  Drone  
  187  11:31  Drone x4  
  194  11:34  Extractor  
  194  11:37  Extractor  
  192  11:43  Queen  
  194  11:50  Spore Crawler  
  191  12:02  Hydralisk x4  
  191  12:28  Spire  
  188  12:34  Hydralisk x2  
  188  12:35  Hydralisk x3  
  199  12:37  Lurker x2  
  200  13:13  Nydus Canal  
  200  13:26  Hive  
  200  13:50  Nydus Canal  
  107  15:47  Roach x4  
  107  15:48  Roach x7  
  107  15:49  Roach x8  
  143  15:57  Corruptor x4  
  143  15:58  Corruptor x7  
  143  15:59  Corruptor x4  
  143  16:00  Corruptor  
  175  16:04  Zerg Missile Weapons Level 3, Zerg Ground Armor Level 2  
  175  16:10  Lurker x4  
  179  16:13  Adaptive Talons  
  181  16:25  Ravager  
  181  16:26  Ravager x6  
  169  16:48  Greater Spire  
  169  16:52  Hydralisk x2  
  171  17:07  Queen  
  168  17:08  Drone x3  
  168  17:11  Extractor  
  168  17:13  Extractor  
  168  17:22  Hatchery  
  167  17:28  Overlord x4  
  167  17:29  Overlord x2  
  167  17:33  Overseer  
  167  17:34  Overseer x2  
  167  18:02  Drone x3  
  170  18:07  Brood Lord x3  
  173  18:29  Brood Lord  
  173  18:30  Brood Lord  
  110  19:06  Queen  
  110  19:08  Drone x3  
  110  19:09  Drone x2  
  96  19:34  Hatchery  
  95  19:41  Brood Lord x2  
  99  19:51  Drone, Queen  
  99  19:52  Drone x2  
  102  19:57  Hydralisk x5  
  102  19:58  Hydralisk x4  
  116  20:25  Hydralisk x3  
  116  20:26  Hydralisk x7  
  136  20:48  Zerg Flyer Weapons Level 1  
  136  21:09  Extractor  
  136  21:11  Extractor  
  134  21:22  Lurker x3  
  131  22:32  Drone x2  
  131  22:33  Drone  
  131  22:34  Drone x3  
  137  22:43  Overlord x2  
  137  22:44  Overlord x2  
  137  22:46  Corruptor x5  
  147  22:55  Hatchery  
  139  23:08  Hatchery  
  79  24:10  Brood Lord x5  
  79  24:14  Roach x4  
  79  24:15  Roach x5  
  105  24:26  Drone x2  
  105  24:30  Queen  
  109  24:33  Drone x2  
  109  24:37  Roach x4  
  109  24:38  Roach x5  
  100  24:50  Overseer  
  98  24:55  Zergling x10  
  98  24:56  Zergling x12  
  98  24:57  Zergling x10  
  83  26:08  Drone  
  83  26:09  Drone x2  
  83  26:10  Drone x3  
  89  26:14  Extractor  
  89  26:15  Extractor  
  89  26:17  Extractor  
  86  26:18  Extractor  
  81  26:32  Queen  
  81  26:37  Zergling x2  
  81  26:38  Zergling x14  
  81  26:39  Zergling x2  
  92  26:43  Drone x3  
  92  26:45  Drone x3  
  92  26:46  Drone x2  
  100  27:02  Zergling x14  
  100  27:03  Zergling x12  
  113  27:21  Metabolic Boost  
  113  27:34  Nydus Canal  
  113  27:40  Drone x3  
  113  27:42  Drone  
  113  27:43  Drone x2  
  113  27:44  Drone x3  
  98  27:55  Zergling x8  
  98  27:56  Zergling x6  
  79  28:32  Drone  
  79  28:33  Drone x2  
  74  28:35  Drone x5  
  75  28:46  Drone  
  76  28:57  Hatchery  
  76  28:58  Drone x2  
  75  29:10  Hydralisk x7  
  75  29:11  Hydralisk x6  
  75  29:13  Hydralisk x2  
  75  29:14  Hydralisk x7  
  75  29:15  Hatchery  
  117  29:22  Drone  
  117  29:23  Drone x4  
  122  29:25  Drone x4  
  126  29:41  Drone x5  
  126  29:44  Drone x5  
  136  30:09  Viper x3  
  145  30:36  Overseer  
  145  30:45  Queen  
  145  30:46  Drone x2  
  145  30:49  Lurker x4  
  153  31:03  Drone x3  
  156  31:05  Extractor  
  156  31:07  Extractor  
  156  31:08  Hatchery  
  153  31:34  Corruptor x5  
Show
View Real Time Build Order
Export as new Build Order

ILIEKEGGPIE Protoss 

Build Orders: Oracle Opening 

Get SALT Encoding   

  12  0:01  Probe  
  13  0:13  Probe  
  14  0:21  Pylon  
  14  0:25  Probe  
  15  0:35  Probe  
  16  0:43  Probe  
  16  0:45  Gateway  
  17  0:54  Probe  
  18  1:03  Forge  
  18  1:10  Probe  
  19  1:15  Assimilator  
  19  1:28  Pylon  
  19  1:38  Cybernetics Core  
  19  1:44  Probe  
  19  1:52  Probe  
  20  1:55  Assimilator  
  21  2:07  Photon Cannon  
  21  2:15  Nexus  
  21  2:18  Warp Gate  
  21  2:25  Probe  
  22  2:38  Probe  
  22  2:50  Probe  
  23  2:52  Stargate  
  23  2:58  Adept  
  23  3:02  Probe  
  26  3:14  Probe  
  26  3:18  Pylon  
  27  3:26  Oracle  
  27  3:31  Stalker  
  27  3:32  Probe x2  
  34  3:44  Probe x2  
  34  3:47  Gateway  
  36  3:56  Probe  
  37  4:06  Probe  
  37  4:09  Probe  
  38  4:14  Gateway, Probe  
  39  4:17  Twilight Council  
  39  4:22  Probe  
  41  4:24  Probe  
  42  4:34  Probe  
  42  4:36  Probe  
  44  4:46  Robotics Facility, Probe  
  44  4:47  Stalker  
  44  4:48  Probe  
  48  4:54  Assimilator  
  48  4:57  Assimilator  
  48  4:58  Probe  
  49  5:00  Probe, Pylon  
  49  5:01  Shield Battery  
  50  5:10  Probe  
  50  5:12  Probe  
  50  5:13  Phoenix  
  54  5:17  Protoss Ground Weapons Level 1  
  54  5:26  Stalker x2  
  58  5:43  Immortal  
  62  5:59  Pylon  
  62  6:01  Pylon  
  62  6:07  Pylon  
  62  6:13  Phoenix  
  62  6:18  Nexus  
  62  6:23  Stalker  
  66  6:40  Pylon  
  66  6:43  Pylon  
  66  6:44  Stalker  
  66  6:45  Stalker  
  70  6:49  Phoenix  
  70  6:53  Immortal  
  72  6:59  Probe x2  
  74  7:01  Stalker  
  74  7:06  Gateway  
  80  7:11  Probe, Robotics Bay  
  80  7:12  Pylon  
  81  7:16  Gateway  
  81  7:18  Gateway  
  81  7:21  Stalker  
  81  7:22  Stalker  
  85  7:23  Phoenix  
  87  7:32  Pylon  
  87  7:33  Pylon  
  87  7:36  Probe  
  87  7:39  Probe  
  87  7:40  Phoenix, Probe  
  92  7:51  Probe  
  92  7:52  Probe  
  94  7:58  Phoenix  
  94  8:02  Stalker x2  
  94  8:03  Probe  
  94  8:04  Probe x2  
  103  8:11  Colossus  
  107  8:20  Twilight Council  
  107  8:22  Probe x3  
  107  8:25  Assimilator  
  110  8:34  Probe  
  110  8:38  Probe x2, Extended Thermal Lance  
  113  8:44  Sentry x3  
  113  8:45  Zealot x2, Sentry  
  125  8:50  Pylon  
  125  8:51  Charge  
  125  8:56  Probe x3  
  125  8:58  Assimilator  
  128  9:14  Probe x2  
  130  9:19  Protoss Ground Weapons Level 2  
  130  9:45  Forge  
  130  9:46  Gateway  
  130  9:47  Templar Archives  
  130  9:48  Gateway  
  130  9:55  Stalker x4  
  130  9:56  Stalker x2  
  142  10:05  Probe x2  
  142  10:06  Probe  
  145  10:10  Pylon  
  145  10:12  Psionic Storm, Pylon  
  145  10:16  Colossus  
  145  10:20  Pylon  
  145  10:21  Pylon  
  145  10:24  Pylon  
  151  10:33  Nexus  
  151  10:47  Protoss Ground Armor Level 1  
  151  11:04  Colossus  
  157  11:12  High Templar  
  157  11:13  High Templar  
  161  11:30  Stalker x3  
  161  11:31  Stalker x3  
  173  11:54  Stalker x2  
  175  11:55  Zealot x3  
  175  11:56  Zealot x3  
  189  12:18  Pylon  
  189  12:19  Pylon  
  189  12:26  Colossus  
  189  12:35  Gateway  
  189  12:36  Gateway  
  195  12:38  High Templar  
  195  12:39  High Templar  
  197  13:16  Zealot  
  199  13:52  Observer  
  120  15:45  Stalker x3  
  120  15:46  Zealot x3  
  120  15:47  Zealot x3  
  132  16:43  Zealot x4  
  128  16:47  Photon Cannon  
  128  16:49  Photon Cannon  
  123  17:10  Observer  
  124  17:51  Stalker x4  
  128  17:52  Zealot x2  
  136  17:59  Photon Cannon  
  136  18:01  Photon Cannon  
  136  18:05  Stalker  
  126  18:07  Stalker  
  126  18:08  Stalker x3  
  83  18:56  Blink  
  83  19:01  Stalker  
  83  19:02  Stalker, Zealot x2  
  75  19:03  Zealot x4  
  85  19:54  Nexus  
  80  20:07  Pylon  
  80  20:13  Pylon  
  80  20:16  Stalker  
  80  20:17  Stalker x2  
  80  20:18  Stalker x3  
  80  20:19  Stalker  
  80  20:20  Stalker  
  96  20:44  Protoss Ground Armor Level 2, Protoss Ground Weapons Level 3  
  94  21:49  Stalker  
  94  21:50  Stalker x3  
  94  21:51  Stalker x4  
  110  22:15  Photon Cannon  
  110  22:17  Photon Cannon  
  110  22:37  Robotics Facility  
  110  22:39  Robotics Facility  
  110  22:41  Assimilator  
  110  22:42  Assimilator  
  102  23:03  Protoss Ground Armor Level 3  
  102  23:27  Pylon, Nexus  
  102  23:29  High Templar x3, Pylon  
  102  23:30  Zealot x3, High Templar  
  96  24:12  Observer  
  97  24:40  Photon Cannon  
  97  24:41  Photon Cannon  
  97  25:02  Stalker  
  97  25:04  Stalker x4  
  97  25:05  Stalker x2  
  97  25:06  Stalker  
  113  25:11  Nexus  
  77  25:55  Stalker  
  77  25:56  Stalker, Zealot  
  83  25:58  Zealot  
  83  25:59  Zealot  
  83  26:00  Zealot x2  
  87  26:17  Assimilator  
  87  26:19  Assimilator  
  87  26:23  High Templar x4  
  87  26:24  High Templar  
  87  26:25  Zealot x3  
  103  26:43  Observer Gravitic Boosters  
  103  26:57  Colossus  
  87  28:05  Zealot x3  
  81  28:06  Zealot x5  
  71  28:50  Stargate  
  71  28:54  Stargate  
  69  29:09  Pylon  
  69  29:13  Pylon  
  65  29:18  Void Ray  
  65  29:21  Stalker x4  
  73  29:29  Void Ray x2  
  85  29:48  Pylon  
  85  29:51  Void Ray  
  85  30:05  Void Ray  
  89  30:12  Void Ray  
  97  30:26  Dark Shrine  
  97  30:34  Observer  
  97  30:39  Void Ray  
  98  30:49  Void Ray  
  106  31:16  Stalker x2  
  110  31:41  Zealot  
  110  31:42  Zealot x3  
  110  31:43  High Templar x2  
Tags
 
Composition
Lurkers
Matchup
PvZ
Replay Pack
Multi
Spawn Locations
Cross Positions
Add a new tag
Caveats
  • Supply blocks, unpowered buildings, or Contaminate may cause inaccurate times.
  • Supply counts are checked every 10 seconds.